 Dungeon Crawl Stone Soup version 0.28-a0-1130-gc51a68064b (webtiles) character file.

Game seed: 18207547580364663689

17 rogsnak the Gusty (level 2, -3/19 HPs)
             Began as a Demonspawn Air Elementalist on Dec 13, 2021.
             Frozen to death by an endoplasm (4 damage)
             ... on level 1 of the Dungeon.
             The game lasted 00:01:34 (1168 turns).

rogsnak the Gusty (Demonspawn Air Elementalist)     Turns: 1168, Time: 00:01:34

Health: -3/19      AC:  2    Str:  8    XL:     2   Next: 44%
Magic:  5/5        EV: 12    Int: 16    God:
Gold:   18         SH:  0    Dex: 13    Spells: 4/5 levels left

rFire   . . .      SeeInvis .   b - +0 dagger
rCold   . . .      Faith    .   (no shield)
rNeg    . . .      Spirit   .   a - +0 robe
rPois   .          Reflect  .   (no helmet)
rElec   .          Harm     .   (no cloak)
rCorr   .          Rampage  .   (no gloves)
Will    .....                   (no boots)
Stlth   ++........              (no amulet)
HPRegen 0.06/turn               (no ring)
MPRegen 0.09/turn               (no ring)

@: no status effects
A: hooves 1
a: no special abilities


You were on level 1 of the Dungeon.
You visited 1 branch of the dungeon, and saw 1 of its levels.

You collected 18 gold pieces.

Inventory:

Hand Weapons
 b - a +0 dagger (weapon)
 h - a +0 double sword
Armour
 a - a +0 robe (worn)
Scrolls
 c - a scroll of teleportation {unknown}
 d - a scroll of amnesia {unknown}
 i - a scroll of identify {unknown}
Potions
 e - a potion of might {unknown}
 f - 2 potions of ambrosia {unknown}
 g - a potion of curing {unknown}
 j - a potion of lignification {unknown}


   Skills:
 + Level 1.9 Dodging
 - Level 1.7 Stealth
 + Level 2.1 Spellcasting
 * Level 1.4 Conjurations
 + Level 3.1 Air Magic


You had 4 spell levels left.
You knew the following spells:

 Your Spells              Type           Power      Damage    Failure   Level
a - Shock                 Conj/Air       36%        1d5       8%          1

Your spell library contained the following spells:

 Spells                   Type           Power      Damage    Failure   Level
 Static Discharge         Conj/Air       9%         N/A       12%         2
 Swiftness                Air            11%        N/A       17%         3
 Airstrike                Air            5%         N/A       50%         4


Dungeon Overview and Level Annotations

Branches:
Dungeon (1/15)

Altars:


Innate Abilities, Weirdness & Mutations

You have large cloven feet.


Message History

You kill the ball python!
The helpless hobgoblin fails to defend itself.
You hit the hobgoblin. You kick the hobgoblin.
You kill the hobgoblin!
i - a scroll labelled BODUNW UJYMIBA
j - a fizzy coppery potion
There is an open door here.
As you open the door, it creaks loudly!
An endoplasm and a hobgoblin come into view.
The endoplasm quivers.
The hobgoblin shouts!
The endoplasm hits you.
A ball python comes into view.
There is an open door here.
The endoplasm barely misses you. The endoplasm freezes you.
You are frozen.
The ball python hisses angrily.
The endoplasm hits you but does no damage.
The endoplasm completely misses you. The endoplasm freezes you.
You are frozen.
The endoplasm misses you. The endoplasm freezes you.
You are frozen.
The endoplasm misses you. The endoplasm freezes you.
You are frozen.
* * * LOW HITPOINT WARNING * * *
The endoplasm closely misses you. The endoplasm hits you.
* * * LOW HITPOINT WARNING * * *
The endoplasm freezes you.
You are frozen.
* * * LOW HITPOINT WARNING * * *
The endoplasm hits you.
* * * LOW HITPOINT WARNING * * *
The endoplasm freezes you.
You are frozen.
You die...

≈≈PP≈.............## #........#.#
.............†.....###..##....#.#
........≈≈..≈≈≈♣♣♣..##..##....#.#
..≈.≈≈≈≈♣≈≈≈P≈≈≈PP≈..#..#.....#.#
##≈≈≈≈P≈≈≈P≈≈≈≈≈≈P≈♣.'...........
##≈P≈PP≈≈≈≈≈≈P≈≈≈♣..##.#....>###
##≈PP≈≈≈≈≈≈≈P♣≈♣..###.##.#..#
#♣≈≈P≈P≈≈≈♣♣♣...## #.......#
♣≈P≈♣≈P♣###.@.## #######.#
.♣♣♣♣♣≈# ##J## #.# # #g# #.# .S.
#.# .#.#. #.# #.....S # ... ##
... ....#


You could see an endoplasm, a hobgoblin and a ball python.

Vanquished Creatures
  A dart slug (D:1)
  2 endoplasms (D:1)
  2 hobgoblins (D:1)
  A kobold (D:1)
  2 quokkas (D:1)
  3 ball pythons (D:1)
  2 frilled lizards (D:1)
  A goblin (D:1)
  A rat (D:1)
15 creatures vanquished.

Notes
Turn   | Place    | Note
-------+----------+-------------------------------------------
     0 | D:1      | rogsnak the Demonspawn Air Elementalist began the quest for
                  | the Orb.
     0 | D:1      | Reached XP level 1. HP: 13/13 MP: 3/3
   261 | D:1      | Found a faded altar of an unknown god.
   636 | D:1      | Reached skill level 3 in Air Magic
   728 | D:1      | Discovered your monstrous ancestry.
   728 | D:1      | Gained mutation: You have large cloven feet. [demonic
                  | ancestry]
   728 | D:1      | Reached XP level 2. HP: 19/19 MP: 0/5
  1168 | D:1      | Frozen to death by an endoplasm

Illustrated notes

Levels and vault maps discovered:
D:1:      minmay_arrival_diagonal_passages, layout_loops_corners,
          hellmonk_ecumenical_altar_arch_garden, serial_bayou_ford_a

Skill      XL: |  1 |
---------------+----+-----
Air Magic      | 3 |  3.1
Dodging        | |  1.9
Stealth        | |  1.7
Spellcasting   | |  2.1
Conjurations   | |  1.4

Action                   || total
-------------------------++-------
Melee: Dagger            ||    22
       Kick              ||     4
 Cast: Shock             ||    18
 Stab: Sleeping          ||     1
Armor: Robe              ||     4
Dodge: Dodged            ||    27

Table legend: (Time is in decaauts)
 A = Elapsed time spent in this place.
 B = Non-inter-level travel time spent in this place.
 C = Inter-level travel time spent in this place.
 D = Time resting spent in this place.
 E = Time spent auto-exploring this place.
 F = Levels seen in this place.
 G = Mean time per level.
                   A        B        C        D        E       F      G
               +--------+--------+--------+--------+--------+-----+--------+
         Total |   1171 |   1171 |      0 |    276 |    704 |   1 | 1171.0 |
       Dungeon |   1171 |   1171 |      0 |    276 |    704 |   1 | 1171.0 |
               +--------+--------+--------+--------+--------+-----+--------+

Top non-repeatable levels by time:
     D:1: 1171 daAuts
